AoeStats
← Kanaroko

Enclosed

505772413Analyzed
1v1 RM · 22d ago on Sep 11, 2026· 35m 57s· 2 players
Game mode
Random Map
Map size
Tiny (2 player)
Population
200
Speed
Normal
Resources
Standard
Victory
Conquest
Starting age
Dark Age
Ending age
Imperial Age
RankedLock teamsTeams togetherTeam positionsShared explorationLock speedFull tech treeHidden civsTurbo modeCheats
Victory
Defeat
🇺🇸 Tatars · United States
1402
+15
🇺🇸 Khmer · United States
1376
-15
Lockhart
4:24 Loom
9:51 Feudal Age
10:21 Double-Bit Axe
10:17 Horse Collar
15:37 Fletching
18:05 Wheelbarrow
19:35 Scale Barding Armor
24:40 Castle Age
24:35 Bloodlines
25:18 Bodkin Arrow
26:13 Husbandry
26:30 Padded Archer Armor
31:03 Ballistics
30:59 Light Cavalry
Kanaroko
6:30 Loom
9:03 Feudal Age
9:45 Double-Bit Axe
13:48 Wheelbarrow
14:21 Bloodlines
14:20 Scale Barding Armor
15:21 Horse Collar
17:49 Forging
19:30 Fletching
24:23 Castle Age
24:24 Padded Archer Armor
25:46 Heavy Plow
25:57 Bow Saw
26:04 Husbandry
26:19 Gold Mining
27:00 Hand Cart
28:06 Bodkin Arrow
28:48 Town Watch
30:09 Ballistics
30:38 Leather Archer Armor
35:45 Imperial Age
32:56 Light Cavalry
34:47 Chain Barding Armor
35:37 Stone Mining
36:22 Gold Shaft Mining
36:29 Bracer
Connection lost

Rejoining the realm…

Still unreachable

The connection could not be restored.

Session expired

The server has moved on; the page needs a fresh start.